 Dungeon Crawl Stone Soup version 0.19.1-1-g22dce08 (webtiles) character file.

49 McKennaii the Magician (level 3, 0/21 HPs)
             Began as a High Elf Wizard on Jan 4, 2017.
             Slain by Jessica (4 damage)
             ... on level 2 of the Dungeon.
             The game lasted 00:09:13 (979 turns).

McKennaii the Magician (High Elf Wizard)             Turns: 979, Time: 00:09:14

Health: 0/21       AC:  2    Str:  6    XL:     3   Next: 53%
Magic:  2/10       EV: 13    Int: 22    God:
Gold:   58         SH:  0    Dex: 14    Spells: 3 memorised, 5 levels left

rFire  . . .     SeeInvis .     (no weapon)
rCold  . . .     Gourm    .     a - +0 robe
rNeg   . . .     Faith    .     (no shield)
rPois  .         Spirit   .     b - +0 hat
rElec  .         Reflect  .     (no cloak)
rCorr  .         Harm     .     (no gloves)
MR     .....                    (no boots)
Stlth  ++........               (no amulet)
                                (no ring)
                                (no ring)

@: flying, very slightly contaminated
A: no striking features
a: no special abilities


You were on level 2 of the Dungeon.
You were not hungry.

You visited 1 branch of the dungeon, and saw 2 of its levels.

You collected 58 gold pieces.

Inventory:

Armour
 a - a +0 robe (worn)
 b - a +0 hat (worn)
Scrolls
 f - a scroll of teleportation {unknown}
 j - a scroll of identify {unknown}
Potions
 g - a potion of brilliance {unknown}
 h - a potion of haste {unknown}
 i - a potion of lignification {unknown}
Books
 c - a book of Minor Magic

   Spells                             Type                      Level
   a - Magic Dart                     Conjuration                  1
   b - Blink                          Translocation                2
   c - Call Imp                       Summoning                    2
   d - Repel Missiles                 Charms/Air                   2
   e - Slow                           Hexes                        2
   f - Conjure Flame                  Conjuration/Fire             3
   g - Mephitic Cloud                 Conjuration/Poison/Air       3
Comestibles
 d - a bread ration


   Skills:
 + Level 2.8 Dodging
 + Level 2.2 Stealth
 + Level 0.1 Unarmed Combat
 + Level 4.5 Spellcasting
 + Level 1.8 Conjurations
 + Level 1.0 Summonings
   Level 1.1 Translocations


You had 5 spell levels left.
You knew the following spells:

 Your Spells              Type           Power        Failure   Level  Hunger
a - Magic Dart            Conj           ##..         8%          1    None
b - Call Imp              Summ           #.......     12%         2    None
c - Conjure Flame         Conj/Fire      #.......     21%         3    ##.....


Dungeon Overview and Level Annotations

Branches:
Dungeon (2/15)

Altars:

Annotations:
D:2 Jessica


Message History

Aiming: Magic Dart
Press: ? - help, Shift-Dir - straight line, f/p - Jessica
Aim: Jessica, wearing a robe (moderately wounded, fast)
You miscast Magic Dart.
Nothing appears to happen.
Jessica closely misses you. Jessica gestures at you while chanting.
Pain shoots through your body!
Ouch! That really hurt!
* * * LOW HITPOINT WARNING * * *
It was a potion of flight.
You feel very buoyant.
You fly up into the air.
Jessica hits you.
* * * LOW HITPOINT WARNING * * *
Jessica points at you and mumbles some strange words.
You barely resist.
Jessica casts a spell.
Jessica blinks!
Jessica barely misses you. Jessica hits you.
* * * LOW HITPOINT WARNING * * *
Jessica hits you.
You die...

### #<# #.# #@#
#.# #.#
#.############
#.....@@...†.#
############.#
#######.#########
................#
#######.#######.#
#.# #(# #.# #.#
#.#######.###
#.#..........


You could see Jessica.

Vanquished Creatures
  A dart slug (D:1)
  2 leopard geckos (D:1)
  5 ball pythons
  4 bats
  3 giant cockroaches
  5 goblins
  5 kobolds (D:1)
  2 frilled lizards
  5 rats
32 creatures vanquished.

Vanquished Creatures (collateral kills)
  An adder (D:2)
  A leopard gecko (D:2)
  A kobold (D:2)
3 creatures vanquished.

Grand Total: 35 creatures vanquished

Notes
Turn   | Place    | Note
-------+----------+-------------------------------------------
     0 | D:1      | McKennaii the High Elf Wizard began the quest for the Orb.
     0 | D:1      | Reached XP level 1. HP: 11/11 MP: 6/6
    85 | D:1      | Reached skill level 4 in Spellcasting
   102 | D:1      | Reached XP level 2. HP: 9/17 MP: 0/8
   572 | D:1      | Learned a level 2 spell: Call Imp
   593 | D:1      | Reached XP level 3. HP: 8/21 MP: 4/9
   882 | D:2      | Learned a level 3 spell: Conjure Flame
   910 | D:2      | Reached skill level 1 in Summonings
   952 | D:2      | Noticed Jessica
   979 | D:2      | Slain by Jessica

Skill      XL: |  1  2  3 |
---------------+----------+-----
Spellcasting   | 4 |  4.5
Summonings     | 1 |  1.0
Dodging        | |  2.8
Stealth        | |  2.2
Unarmed Combat | |  0.1
Conjurations   | |  1.8
Translocations | |  1.1

Action                   || total
-------------------------++-------
Melee: Unarmed           ||    43
 Cast: Magic Dart        ||    70
       Call Imp          ||     4
  Use: Scroll            ||     1
       Potion            ||     1
Armor: Robe              ||    27
Dodge: Dodged            ||   114
